 Dungeon Crawl Stone Soup version 0.29.1-12-g30fa7ad0bf (webtiles) character file.

Game seed: 3002097249784684200

17 hawla the Firebug (level 3, -2/26 HPs)
             Began as a Meteoran Fire Elementalist on Dec 25, 2022.
             Slain by Robin
             ... wielding a +0 club
              (3 damage)
             ... on level 2 of the Dungeon.
             The game lasted 00:01:48 (172 turns).

hawla the Firebug (Meteoran Fire Elementalist)       Turns: 172, Time: 00:01:49

Health: -2/26      AC:  2    Str:  9    XL:     3   Next: 2%
Magic:  6/8        EV: 12    Int: 19    God:
Gold:   7          SH:  0    Dex: 14    Spells: 6/7 levels left

rFire   . . .      SeeInvis .   (no weapon)
rCold   . . .      Faith    .   (no shield)
rNeg    . . .      Spirit   .   a - +0 robe
rPois   .          Reflect  .   (no helmet)
rElec   .          Harm     .   (no cloak)
rCorr   .          Rampage  .   (no gloves)
Will    .....                   (no boots)
Stlth   +.........              (no amulet)
HPRegen 0.08/turn               (no ring)
MPRegen 0.11/turn               (no ring)

@: glowing
A: sense surroundings 1, otherworldly, glowing, explore regen
a: no special abilities


You were on level 2 of the Dungeon.
You visited 1 branch of the dungeon, and saw 2 of its levels.

You collected 7 gold pieces.

Inventory:

Armour
 a - a +0 robe (worn)


   Skills:
 + Level 2.5 Dodging
 - Level 1.4 Stealth
 + Level 2.7 Spellcasting
 + Level 1.2 Conjurations
 + Level 4.5 Fire Magic


You had 6 spell levels left.
You knew the following spells:

 Your Spells              Type           Power      Damage    Failure   Level
a - Foxfire               Conj/Fire      52%        2x1d6     4%          1

Your spell library contained the following spells:

 Spells                   Type           Power      Damage    Failure   Level
 Scorch                   Fire           40%        2d7       3%          2
 Conjure Flame            Conj/Fire      13%        6-21      14%         3
 Inner Flame              Hex/Fire       11%        N/A       19%         3
 Flame Wave               Conj/Fire      13%        2d6       43%         4


Dungeon Overview and Level Annotations

Branches:
Dungeon (2/15) Zot: 1027

Altars:

Annotations:
D:2 Robin


Innate Abilities, Weirdness & Mutations

You passively map a small area around you.
You are easily found by Zot.
You glow in the dark.
You regain HP and MP as you explore.


Message History

Increase (S)trength, (I)ntelligence, or (D)exterity?
You feel clever. x3
Casting: Foxfire (safe; 4% risk of failure)
Confirm with . or Enter, or press ? or * to list all spells.
You conjure some foxfire!
The foxfire hits Robin.
Robin is heavily wounded.
The rat bites you.
Robin drinks a potion.
Robin is healed!
You barely miss Robin.
The foxfire hits Robin.
Robin is moderately wounded.
The foxfire hits Robin but does no damage.
Robin is moderately wounded.
The rat bites you but does no damage. Robin barely misses you.
Casting: Foxfire (safe; 4% risk of failure)
Confirm with . or Enter, or press ? or * to list all spells.
You conjure some foxfire!
The rat bites you. Robin hits you with a +0 club.
* * * LOW HITPOINT WARNING * * *
You completely miss Robin.
Robin is moderately wounded.
The foxfire hits Robin but does no damage.
Robin is moderately wounded.
The foxfire hits Robin.
Robin is heavily wounded.
The rat closely misses you. Robin hits you with a +0 club.
* * * LOW HITPOINT WARNING * * *
Magic courses through your body. The rat barely misses you.
Robin closely misses you.
Casting: Foxfire (safe; 4% risk of failure)
Confirm with . or Enter, or press ? or * to list all spells.
You conjure some foxfire!
The rat closely misses you. Robin hits you with a +0 club.
* * * LOW HITPOINT WARNING * * *
The foxfire hits Robin.
Robin is heavily wounded.
The foxfire hits Robin.
Robin is severely wounded.
Casting: Foxfire (safe; 4% risk of failure)
Confirm with . or Enter, or press ? or * to list all spells.
You conjure some foxfire!
The rat bites you but does no damage. Robin hits you with a +0 club.
You die...

##'## # # #.# *
#.####### *
#####.......# ,
##........##.#
##.........# *
#........#.#
#......rg#.# *
,.......@v# . ,
, ,
##.....#v.....#
* * * ##...#
####### ####


You could see Robin (ally target) and a rat (ally target).

Vanquished Creatures
  An endoplasm (D:1)
  5 hobgoblins
  8 goblins (D:2)
14 creatures vanquished.

Vanquished Creatures (others)
  32 foxfires
32 creatures vanquished.

Grand Total: 46 creatures vanquished

Notes
Turn   | Place    | Note
-------+----------+-------------------------------------------
     0 | D:1      | hawla the Meteoran Fire Elementalist began the quest for
                  | the Orb.
     0 | D:1      | Reached XP level 1. HP: 14/14 MP: 5/5
    94 | D:2      | Noticed Robin
    98 | D:2      | Reached skill level 4 in Fire Magic
    98 | D:2      | Reached XP level 2. HP: 20/20 MP: 3/6
   165 | D:2      | Reached XP level 3. HP: 14/26 MP: 1/8
   170 | D:2      | HP: 1/26 [Robin/+0 club (5)]
   172 | D:2      | Slain by Robin

Illustrated notes

Levels and vault maps discovered:
D:1:      lordsloth_arrival_two_stooges, layout_basic, serial_shops,
          nicolae_shop_competitors_out_of_business, minmay_tromino_v4_a
D:2:      cheibrodos_helix_gallery, layout_loops_corners,
          hellmonk_ecumenical_altar_prayer_group, uniq_robin

Skill      XL: |  1 |
---------------+----+-----
Fire Magic     | 4 |  4.5
Dodging        | |  2.5
Stealth        | |  1.4
Spellcasting   | |  2.7
Conjurations   | |  1.2

Action                   || total
-------------------------++-------
Melee: Unarmed           ||     3
 Cast: Foxfire           ||    19
  Use: Scroll            ||     1
       Potion            ||     1
Armor: Robe              ||     3
Dodge: Dodged            ||    16
